 Dungeon Crawl Stone Soup version 0.30.1-9-gdf580d7c3d (webtiles) character file.

Game seed: 9873253712253926131

1586576 LordWeiramon the Conqueror (level 25, 257/257 HPs)
             Began as a Demigod Brigand on Oct 17, 2023.
             Escaped with the Orb
             ... and 3 runes on Oct 18, 2023!
             The game lasted 04:26:42 (79029 turns).

LordWeiramon the Conqueror (Demigod Brigand)       Turns: 79029, Time: 04:26:42

Health: 257/257    AC: 43    Str: 33    XL:     25   Next: 55%
Magic:  36/36      EV: 27    Int: 11    God:
Gold:   7564       SH: 31    Dex: 37    Spells: 24/24 levels left

rFire   + . .        a - +8 demon trident (freeze)
rCold   + + .        G - +0 tower shield {rPois}
rNeg    + . .        r - +9 crystal plate armour {rC+}
rPois   +            T - +0 helmet of Lightning Storm {Regen+ Int+2 Dex+3 Stlth+}
rElec   +            I - scarf {rC+ rF+}
rCorr   .            x - +1 pair of gloves of Haejaugh {rElec rF- Dex+3}
SInv    +            J - +2 pair of boots
Will    +++++        P - amulet of reflection Stlth
                     Y - ring of Haunkuack {rF+ Will+ Str+4}
HPRegen 1.42/turn    M - ring of Osatz {rN+ Will+++ MP+9 Int-3 SInv}
MPRegen 0.25/turn

%: reflection
@: studying Unarmed Combat
A: high MP 1, forlorn, divine attributes, agile 1, deterioration 2, screaming 2,
weak 1, subdued magic 1
0: Orb of Zot
}: 3/15 runes: decaying, serpentine, silver
a: no special abilities


You escaped.
You visited 10 branches of the dungeon, and saw 50 of its levels.
You also visited: Sewer, Bailey, Gauntlet, Ice Cave and Volcano.

You collected 12023 gold pieces.
You spent 4459 gold pieces at shops.

Inventory:

Hand Weapons
 a - a +8 demon trident of freezing (weapon)
Missiles
 q - 5 throwing nets (quivered)
Armour
 r - a +9 crystal plate armour of cold resistance (worn)
 x - the +1 pair of gloves of Haejaugh (worn) {rElec rF- Dex+3}
   (You found it in a Gauntlet)

   Dex:       It affects your dexterity (+3).
   rF:        It makes you vulnerable to fire.
   rElec:     It insulates you from electricity.
 G - a +0 tower shield of poison resistance (worn)
 I - a scarf of resistance (worn)
 J - a +2 pair of boots (worn)
 Q - a +2 tower shield of fire resistance
 T - the +0 helmet of Lightning Storm (worn) {Regen+ Int+2 Dex+3 Stlth+}
   (You acquired it on level 3 of the Realm of Zot)

   Int:       It affects your intelligence (+2).
   Dex:       It affects your dexterity (+3).
   Regen:     It increases your rate of health regeneration.
   Stlth:     It makes you more stealthy.
 Z - a +2 cloak of poison resistance
Jewellery
 b - the ring "Ihifox" {rC+ MP+9 Int+3 Dex+6}
   (You took it off a deep elf zephyrmancer on level 3 of the Elven Halls)

   [ring of dexterity]

   Int:       It affects your intelligence (+3).
   Dex:       It affects your dexterity (+6).
   rC:        It protects you from cold.
   MP:        It affects your magic capacity (+9).
 n - a ring of flight
 p - a ring of resist corrosion
 M - the ring of Osatz (right hand) {rN+ Will+++ MP+9 Int-3 SInv}
   (You found it in a Gauntlet)

   [ring of see invisible]

   Int:       It affects your intelligence (-3).
   rN:        It protects you from negative energy.
   MP:        It affects your magic capacity (+9).
   SInv:      It lets you see invisible.
   Will:      It greatly increases your willpower.
 O - the ring of Loist {rC++ rN+ Int-5 Slay+2}
   (You found it on level 3 of the Crypt)

   [ring of positive energy]

   Int:       It affects your intelligence (-5).
   Slay:      It affects your accuracy & damage with ranged weapons and melee
   (+2).
   rC:        It greatly protects you from cold.
   rN:        It protects you from negative energy.
 P - an amulet of reflection (around neck)
 R - the ring of Geona {rElec rC+ rN+ Int-4 Dex+3}
   (You found it on level 3 of the Crypt)

   [ring of positive energy]

   Int:       It affects your intelligence (-4).
   Dex:       It affects your dexterity (+3).
   rC:        It protects you from cold.
   rElec:     It insulates you from electricity.
   rN:        It protects you from negative energy.
 W - the ring "Saalli Turph" {*Corrode rElec rF+ EV+5 Slay+5}
   (You took it off a tengu reaver on level 5 of the Vaults)

   [ring of evasion]

   EV:        It affects your evasion (+5).
   Slay:      It affects your accuracy & damage with ranged weapons and melee
   (+5).
   rF:        It protects you from fire.
   rElec:     It insulates you from electricity.
   *Corrode:  It may corrode you when you take damage.
 Y - the ring of Haunkuack (left hand) {rF+ Will+ Str+4}
   (You found it in a Gauntlet)

   [ring of protection from fire]

   Str:       It affects your strength (+4).
   rF:        It protects you from fire.
   Will:      It increases your willpower.
Wands
 d - a wand of flame (146)
 i - a wand of light (59)
 l - a wand of mindburst (74)
 v - a wand of roots (60)
 w - a wand of charming (84)
 y - a wand of digging (30)
 K - a wand of polymorph (20)
Scrolls
 h - 22 scrolls of teleportation
 j - 4 scrolls of brand weapon
 m - 6 scrolls of fear
 s - 6 scrolls of blinking
 z - 10 scrolls of poison
 D - 9 scrolls of magic mapping
 F - a scroll of silence
 L - 7 scrolls of fog
 U - 7 scrolls of butterflies
Potions
 c - 2 potions of berserk rage
 e - 2 potions of ambrosia
 g - a potion of might
 o - 3 potions of haste
 u - 4 potions of invisibility
 A - 13 potions of heal wounds
 B - 9 potions of mutation
 C - 3 potions of resistance
 E - 2 potions of cancellation
 H - 9 potions of attraction
 N - 22 potions of curing
 S - 9 potions of flight
Miscellaneous
 f - a phial of floods
 k - a box of beasts
 V - a tin of tremorstones (2/2)
 X - a lightning rod (4/4)


   Skills:
 O Level 27 Fighting
 - Level 1.7 Short Blades
 + Level 22.6 Polearms
 - Level 1.7 Throwing
 - Level 19.0 Armour
 - Level 20.0 Dodging
 - Level 3.6 Stealth
 - Level 16.0 Shields
 - Level 5.0 Evocations


You had 24 spell levels left.
You didn't know any spells.
Your spell library contained the following spells:

 Spells                   Type           Power      Damage    Failure   Level
 Apportation              Tloc           0%         N/A       99%         1
 Beastly Appendage        Tmut           0%         N/A       99%         1
 Foxfire                  Conj/Fire      0%         2x1d4     99%         1
 Freeze                   Ice            0%         1d3       99%         1
 Magic Dart               Conj           0%         1d3       99%         1
 Shock                    Conj/Air       0%         1d3       99%         1
 Slow                     Hex            0%         N/A       99%         1
 Sting                    Tmut/Pois      0%         1d3       99%         1
 Blink                    Tloc           0%         N/A       100%        2
 Cigotuvi's Dreadful Rot  Necr/Pois/Air  0%         N/A       100%        2
 Ensorcelled Hibernation  Hex/Ice        0%         N/A       100%        2
 Lesser Beckoning         Tloc           0%         N/A       100%        2
 Momentum Strike          Conj/Tloc      0%         3d8       100%        2
 Passwall                 Tmut/Erth      0%         N/A       100%        2
 Poisonous Vapours        Pois/Air       0%         N/A       100%        2
 Scorch                   Fire           0%         2d5       100%        2
 Searing Ray              Conj           0%         2d4       100%        2
 Sublimation of Blood     Necr           0%         N/A       100%        2
 Wereblood                Tmut           0%         N/A       100%        2
 Call Canine Familiar     Summ           0%         N/A       100%        3
 Confusing Touch          Hex            0%         N/A       100%        3
 Dazzling Flash           Conj/Hex       0%         N/A       100%        3
 Frozen Ramparts          Ice            0%         1d1       100%        3
 Hailstorm                Conj/Ice       0%         3d3       100%        3
 Ignite Poison            Fire/Tmut/Pois 0%         N/A       100%        3
 Inner Flame              Hex/Fire       0%         N/A       100%        3
 Mephitic Cloud           Conj/Pois/Air  0%         N/A       100%        3
 Portal Projectile        Hex/Tloc       0%         N/A       100%        3
 Spider Form              Tmut/Pois      0%         N/A       100%        3
 Stone Arrow              Conj/Erth      0%         3d7       100%        3
 Summon Guardian Golem    Hex/Summ       0%         N/A       100%        3
 Swiftness                Air            0%         N/A       100%        3
 Teleport Other           Tloc           0%         N/A       100%        3
 Tukima's Dance           Hex            0%         N/A       100%        3
 Vampiric Draining        Necr           0%         2d6       100%        3
 Volatile Blastmotes      Fire/Tloc      0%         2d10      100%        3
 Anguish                  Hex/Necr       0%         N/A       100%        4
 Animate Armour           Summ/Erth      0%         N/A       100%        4
 Dispel Undead            Necr           0%         3d6       100%        4
 Flame Wave               Conj/Fire      0%         2d4       100%        4
 Fulminant Prism          Conj/Hex       0%         3d5       100%        4
 Ice Form                 Ice/Tmut       0%         N/A       100%        4
 Iskenderun's Mystic Bla  Conj/Tloc      0%         2d3       100%        4
 Leda's Liquefaction      Hex/Erth       0%         N/A       100%        4
 Olgreb's Toxic Radiance  Pois           0%         N/A       100%        4
 Passage of Golubria      Tloc           0%         N/A       100%        4
 Petrify                  Tmut/Erth      0%         N/A       100%        4
 Sticky Flame             Conj/Fire      0%         2d3       100%        4
 Summon Lightning Spire   Summ/Air       0%         N/A       100%        4
 Arcjolt                  Conj/Air       0%         1d10      100%        5
 Blade Hands              Tmut           0%         N/A       100%        5
 Fireball                 Conj/Fire      0%         3d3       100%        5
 Iskenderun's Battlesphe  Conj           0%         2d6       100%        5
 Lee's Rapid Deconstruct  Erth           0%         3d4*      100%        5
 Metabolic Englaciation   Hex/Ice        0%         N/A       100%        5
 Yara's Violent Unravell  Hex/Tmut       0%         3d3       100%        5
 Conjure Ball Lightning   Conj/Air       0%         3x3d6     100%        6
 Death Channel            Necr           0%         N/A       100%        6
 Plasma Beam              Fire/Air       0%         2x1d11    100%        6
 Simulacrum               Ice/Necr       0%         N/A       100%        6
 Starburst                Conj/Fire      0%         6d3       100%        6
 Statue Form              Tmut/Erth      0%         N/A       100%        6
 Summon Cactus Giant      Summ           0%         N/A       100%        6
 Enfeeble                 Hex            0%         N/A       100%        7
 Orb of Destruction       Conj           0%         9d5       100%        7
 Ozocubu's Refrigeration  Ice            0%         4d7       100%        7
 Spellforged Servitor     Conj/Summ      0%         N/A       100%        7
 Storm Form               Tmut/Air       0%         N/A       100%        7
 Summon Hydra             Summ           0%         N/A       100%        7
 Borgnjor's Revivificati  Necr           0%         N/A       100%        8
 Discord                  Hex            0%         N/A       100%        8
 Ignition                 Fire           0%         3d3       100%        8
 Lehudib's Crystal Spear  Conj/Erth      0%         10d2      100%        8
 Maxwell's Capacitive Co  Air            0%         ∞         100%        8
 Necromutation            Tmut/Necr      0%         N/A       100%        8
 Summon Horrible Things   Summ           0%         N/A       100%        8
 Death's Door             Necr           0%         N/A       100%        9
 Fire Storm               Conj/Fire      0%         5d1       100%        9
 Polar Vortex             Ice            0%         N/A       100%        9


Dungeon Overview and Level Annotations

Branches:
Dungeon (15/15)            Temple (0/1) D:5            Lair (5/5) D:8
  Swamp (4/4) Lair:3        Snake (4/4) Lair:3        Slime (0/5) Lair:5
    Orc (2/2) D:10            Elf (3/3) Orc:2        Vaults (5/5) D:13
  Crypt (3/3) Vaults:2       Tomb (0/3) Crypt:3      Depths (4/4) D:15
    Zot (5/5) Depths:4      Sewer (visited)          Bailey (visited)
  IceCv (visited)         Volcano (visited)         Gauntlet (visited)

Shops:
D:4 *   D:5 :   D:13 [(=(   Orc:2 (:[*   Elf:1 [   Snake:1 :*[   Snake:2 !(*
Snake:3 (   Vaults:1 =   Vaults:2 [   Vaults:4 [   Vaults:5 *   Depths:1 *

Portals:
Hell: Depths:1 Depths:2 Depths:3 Depths:4
Abyss: Depths:2 Depths:3
Pandemonium: Depths:2 Depths:3
Ziggurat: Depths:2

Annotations:
Depths:4 Boris


Innate Abilities, Weirdness & Mutations

You have an increased reservoir of magic. (+10% MP)
You shall have no god before yourself.
Your divine heritage dramatically boosts your attributes as you level up.
You are agile. (Dex +4, Str/Int -1)
Your body often deteriorates upon taking damage.
You frequently scream uncontrollably at your foes.
You are weak. (Str -2)
Your spells are a little easier to cast, but a little less powerful.


Message History

You reach to attack!
You puncture the shadow demon!
The shadow demon is almost dead.
You hit the shadow demon.
You kill the shadow demon!
You feel your intelligence returning.
(D) Dungeon (T) Temple (L) Lair (S) Swamp (P) Snake Pit (M) Slime Pits (O) Orcish Mines (E) Elven Halls (V) Vaults (C) Crypt (W) Tomb (U) Depths (H) Hell (Z) Zot
Where to? (Enter - D:1 @ (x,y), ? - help)
There is an escape hatch in the ceiling here.
A mysterious force pulls you upwards. The hatch slams shut behind you.
An Orb Guardian comes into view.
You reach to attack!
You miss the Orb Guardian. You hit the Orb Guardian.
You freeze the Orb Guardian.
The Orb Guardian is lightly wounded.
The Orb Guardian hits you but does no damage.
You puncture the Orb Guardian! You freeze the Orb Guardian.
The Orb Guardian is moderately wounded.
You block the Orb Guardian's attack.
You skewer the Orb Guardian like a kebab!!!
You freeze the Orb Guardian.
The Orb Guardian is almost dead.
You block the Orb Guardian's attack.
You hit the Orb Guardian. You freeze the Orb Guardian.
The Orb Guardian is almost dead.
You block the Orb Guardian's attack.
You puncture the Orb Guardian! You freeze the Orb Guardian.
You kill the Orb Guardian!
(D) Dungeon (T) Temple (L) Lair (S) Swamp (P) Snake Pit (M) Slime Pits (O) Orcish Mines (E) Elven Halls (V) Vaults (C) Crypt (W) Tomb (U) Depths (H) Hell (Z) Zot
Where to? (Enter - D:1 @ (x,y), ? - help)
A lorocyproca comes into view.
There is an open door here.
Blink to where?
Press: ? - help, Dir - move target
As you read the scroll of blinking, it crumbles to dust.
You have escaped!

#########
#.......#
#
#...@...#
#
#.......#
#
#...#...#
#
#...#...#
#
#...#.4.#
#
#...>...#
#
##.###.##
#
####2###'#
#.2..)...#


You could see a lorocyproca (invisible) and a red devil.

Vanquished Creatures
  2 dread liches (Zot:5)
  7 ancient liches
  5 orbs of fire
  Mara (Snake:4)
  3 juggernauts
  The ghost of Nyubb the Impregnable, a veteran MiGl of Hepliaklqana (Crypt:2)
  Boris (thrice) (Crypt:3 D:15 Depths:2)
  A shard shrike (Zot:1)
  Xtahua (Vaults:4)
  2 curse toes
  4 Killer Klowns
  Saint Roka (Snake:4)
  6 golden dragons
  2 profane servitors (Crypt:3)
  Jory (Vaults:4)
  2 bone dragons (Depths:4)
  4 electric golems
  8 tentacled monstrosities
  A Hell Sentinel (D:13)
  4 quicksilver dragons
  5 liches
  A walking crystal tome (Depths:2)
  6 titans
  7 deep elf master archers
  29 Orb Guardians
  The ghost of safid the Impaler, an adept MfIE of Vehumet (Swamp:4)
  10 death cobs
  5 sphinxes
  Kirke (Lair:4)
  9 ancient champions
  Agnes (Snake:1)
  7 nagarajas (Snake:4)
  4 draconian monks
  8 tengu reavers
  14 shadow dragons
  3 revenants
  4 storm dragons
  2 fenstrider witches (Swamp:2)
  The ghost of Xeiplesch the Severer, a journeyman MiFi of Gozag (Snake:1)
  The ghost of leafyfresh the Warrior, a journeyman OgIE of Gozag (Lair:5)
  3 draconian knights (Zot:5)
  A fenstrider witch (shapeshifter) (Depths:2)
  12 deep elf sorcerers
  4 draconian scorchers
  7 fire giants
  3 balrugs
  The ghost of turdburglar the Fighter, a journeyman OgFE of Vehumet (D:11)
  3 iron dragons
  Aizul (Vaults:4)
  15 vault wardens
  2 curse skulls
  2 ghost moths (Zot:3)
  Louise (Swamp:3)
  13 frost giants
  The ghost of laqueoix the Severer, a journeyman MiFi of Okawaru (Lair:5)
  4 spectral caustic shrikes (Depths:1)
  5 ghouls
  6 deep elf elementalists (Elf:3)
  5 orc warlords
  3 spriggan defenders
  3 draconian shifters (Zot:3)
  18 stone giants
  A reaper (Crypt:2)
  4 draconian annihilators
  35 very ugly things
  6 ironbound thunderhulks
  17 ironbound preservers
  2 caustic shrike skeletons
  3 draconian stormcallers
  3 war gargoyles
  4 eleionomae
  The ghost of Zalbag the Severer, a journeyman MiFi of Makhleb (Lair:5)
  5 vampire knights
  6 deep elf annihilators (Elf:3)
  A lorocyproca (Zot:5)
  10 white draconians
  9 deep elf demonologists
  15 black draconians
  4 bunyips
  12 yellow draconians
  3 dire elephants
  10 red draconians
  14 green draconians
  9 purple draconians
  A minotaur (Gauntlet)
  6 eidola
  16 ettins
  An ettin (shapeshifter) (Depths:2)
  2 crystal guardians
  An entropy weaver (shapeshifter) (Depths:2)
  2 green deaths (Snake:2)
  11 deep elf death magi
  5 fire dragons
  Josephine (D:14)
  11 jiangshi
  A shambling mangrove (Swamp:3)
  16 yaktaur captains
  7 deep elf high priests
  6 great orbs of eyes
  8 ice dragons
  Harold (Lair:2)
  An ogre mage (D:14)
  2 spriggan zombies (Crypt:1)
  A rakshasa (Depths:2)
  25 vault guards
  A salamander tyrant (Snake:4)
  4 peacekeepers
  3 catoblepae
  17 hydras
  A merfolk avatar (Lair:5)
  7 spriggan air magi
  7 alligators
  3 ghost crabs
  25 dancing weapons
  5 death knights
  19 centaur warriors
  5 anacondas
  9 ironbound frosthearts
  14 naga warriors
  4 death yaks (IceCv)
  8 deep troll shamans
  6 boulder beetles
  14 deep troll earth magi
  9 two-headed ogres
  6 tengu warriors
  3 orc high priests (Orc:2)
  10 vampire magi
  A shock serpent (shapeshifter) (D:14)
  A hell hog (Gauntlet)
  14 naga sharpshooters
  2 soul eaters
  A titan skeleton (Crypt:1)
  4 spriggan berserkers
  15 hell knights
  3 shock serpents
  19 deep elf knights
  A storm dragon skeleton (Crypt:2)
  A fire crab (shapeshifter) (Depths:2)
  2 skysharks
  Amaemon (Lair:2)
  18 skeletal warriors
  2 sun demons (D:5)
  7 salamander mystics
  4 goliath frogs
  A shadow demon (D:2)
  2 anaconda zombies
  4 spriggan druids
  A sea snake (shapeshifter) (Vaults:5)
  25 iron trolls
  2 sixfirhies
  4 sea snakes
  4 glowing orange brains
  A lindwurm (shapeshifter) (Depths:3)
  76 deep trolls
  2 flayed ghosts
  A swamp dragon (shapeshifter) (Vaults:5)
  An orange crystal statue (Depths:2)
  A quicksilver dragon simulacrum (Crypt:3)
  A bunyip skeleton (Crypt:3)
  2 obsidian statues
  7 naga ritualists
  8 bog bodies
  9 lindwurms
  11 swamp dragons
  Pikel (D:7)
  16 ironbound convokers
  11 wizards
  10 phantasmal warriors
  16 deep elf archers
  13 orc knights
  32 deep elf pyromancers
  29 ugly things
  6 necromancers
  4 mana vipers
  A spectral ettin (Crypt:1)
  7 orc sorcerers
  41 salamanders
  30 deep elf zephyrmancers
  9 cyclopes
  2 cyclopes (shapeshifter) (Depths:2)
  5 manticores
  A stone giant zombie (Crypt:1)
  An elephant (shapeshifter) (Depths:2)
  A faun (shapeshifter) (Vaults:5)
  A shadow dragon skeleton (Crypt:3)
  3 will-o-the-wisps (Swamp:2)
  35 moths of wrath
  A human skeleton (Crypt:1)
  11 elephants
  A stone giant skeleton (Crypt:2)
  A sphinx skeleton (Depths:1)
  3 guardian serpents
  A fire giant skeleton (Depths:1)
  21 vault sentinels
  A torpor snail (Lair:5)
  A naga zombie (Crypt:2)
  2 smoke demons
  21 black mambas
  An ice statue (IceCv)
  2 rust devils (Depths:2)
  4 unseen horrors
  A black draconian zombie (Crypt:1)
  20 naga magi
  A gargoyle (D:12)
  2 alligator snapping turtle zombies
  Maggie (D:9)
  3 naga skeletons
  A steelbarb worm zombie (Crypt:3)
  An orange demon (Lair:2)
  3 rime drakes
  9 cane toads
  A yaktaur (shapeshifter) (Depths:2)
  A shock serpent skeleton (Crypt:3)
  A grey draconian zombie (Crypt:2)
  A bunyip simulacrum (Crypt:1)
  41 yaktaurs
  A pale draconian zombie (Crypt:1)
  6 freezing wraiths
  Psyche (D:9)
  5 tengu conjurers
  3 efreet
  6 komodo dragons
  A harpy zombie (Crypt:3)
  2 ice devils (Depths:2)
  A white draconian skeleton (Crypt:2)
  A mana viper zombie (Crypt:2)
  A queen bee (D:15)
  A red devil (Depths:2)
  A red draconian skeleton (Crypt:3)
  A hydra zombie (Crypt:1)
  An iron troll skeleton (Crypt:1)
  13 polar bears
  12 tyrant leeches
  10 trolls
  A wind drake (Lair:5)
  A hornet (shapeshifter) (Elf:3)
  18 hornets
  A bloated husk (Swamp:1)
  A blink frog (shapeshifter) (D:14)
  A tarantella (shapeshifter) (Depths:2)
  2 harpy skeletons (Crypt:1)
  9 dream sheep (Lair:5)
  6 snapping turtles (Lair:5)
  8 blink frogs
  An ettin zombie (Crypt:3)
  57 slime creatures
  A centaur simulacrum (Crypt:2)
  A snapping turtle (shapeshifter) (Depths:1)
  11 wraiths
  Sigmund (D:2)
  An alligator zombie (Crypt:2)
  2 guardian serpent skeletons
  2 shadows
  An air elemental (Elf:2)
  An ettin skeleton (Crypt:3)
  7 flying skulls
  5 vampires
  A yak (shapeshifter) (Vaults:5)
  A culicivora (shapeshifter) (Depths:3)
  19 spriggans
  6 water elementals
  2 dire elephant simulacra
  A spriggan (shapeshifter) (Elf:1)
  4 wyverns
  3 basilisks
  8 fire bats
  A hog (shapeshifter) (Depths:2)
  56 yaks
  A chaos spawn (Depths:2)
  A steam dragon (Lair:5)
  2 fire elementals
  A hog (Lair:4)
  A redback (shapeshifter) (Depths:2)
  2 basilisks (shapeshifter) (Depths:2)
  10 vampire mosquitoes
  A neqoxec (Depths:2)
  A swamp worm (shapeshifter) (D:14)
  2 wargs
  15 swamp worms
  A fire bat zombie (Crypt:1)
  A deep troll zombie (Crypt:1)
  45 nagas
  A two-headed ogre zombie (Crypt:2)
  2 acid dragons
  17 water moccasins
  A hell hound (Gauntlet)
  2 floating eyes (shapeshifter)
  A lindwurm zombie (Crypt:1)
  56 orc warriors
  11 swamp drakes
  34 wolves
  13 ogres
  4 boggarts (Vaults:4)
  A swamp dragon skeleton (Crypt:1)
  22 centaurs
  A phantom (D:5)
  4 kobold brigands
  2 necrophages (Crypt:1)
  6 bullfrogs
  A wyvern zombie (Crypt:1)
  2 gnoll sergeants
  An earth elemental (Elf:3)
  2 scorpions
  A glowing shapeshifter simulacrum (Depths:1)
  8 wights
  A wyvern skeleton (Crypt:3)
  11 killer bees (D:15)
  4 electric eels
  A yak skeleton (Crypt:2)
  8 howler monkeys
  10 lava snakes
  A human zombie (Crypt:1)
  3 jellies
  3 hounds
  Crazy Yiuf (D:2)
  30 orc priests
  A gnoll bouda (D:9)
  8 iguanas
  21 orc wizards
  A scorpion zombie (D:4)
  2 human simulacra (D:12)
  22 gnolls
  8 adders
  14 white imps
  2 ufetubi
  An adder zombie (D:4)
  An adder skeleton (D:4)
  An iguana skeleton (Crypt:2)
  4 worms (D:15)
  A dart slug (D:4)
  118 orcs
  5 ball pythons
  5 bats
  6 endoplasms
  3 giant cockroaches
  4 goblins
  8 hobgoblins
  11 quokkas
  A ball python skeleton (Crypt:2)
  6 frilled lizards
  31 kobolds
  10 rats
2415 creatures vanquished.

Vanquished Creatures (others)
  A deep elf knight (Elf:1)
  A deep elf zephyrmancer (Elf:3)
  2 deep elf pyromancers (Elf:1)
  2 moths of wrath (Zot:1)
  2 bloated husks
  2 humans (Lair:5)
  13 foxfires (Swamp:2)
23 creatures vanquished.

Grand Total: 2438 creatures vanquished

Notes
Turn   | Place    | Note
-------+----------+-------------------------------------------
     0 | D:1      | LordWeiramon the Demigod Brigand began the quest for the
                  | Orb.
     0 | D:1      | Reached XP level 1. HP: 17/17 MP: 3/3
    69 | D:1      | Reached skill level 2 in Fighting
   199 | D:1      | Reached XP level 2. HP: 23/25 MP: 4/4
   409 | D:1      | Reached skill level 3 in Fighting
   785 | D:2      | Reached XP level 3. HP: 19/31 MP: 5/5
  1060 | D:2      | Reached skill level 4 in Fighting
  1078 | D:2      | Noticed Sigmund
  1333 | D:2      | Found a runed translucent door.
  1334 | D:2      | Noticed Crazy Yiuf
  1456 | D:3      | Reached XP level 4. HP: 38/40 MP: 6/6
  1494 | D:3      | Reached skill level 1 in Evocations
  1843 | D:3      | Identified the +8 trident "Tisadoam" {flame, rN+}
  1999 | D:4      | Found Gozag's Platinum Reserve.
  2069 | D:4      | Reached skill level 1 in Polearms
  2237 | D:4      | Reached XP level 5. HP: 37/46 MP: 7/7
  3000 | D:5      | Entered Level 5 of the Dungeon
  3154 | D:5      | Found a glowing drain.
  3186 | Sewer    | Entered a sewer
  3430 | Sewer    | Reached XP level 6. HP: 45/52 MP: 8/8
  3648 | D:5      | Reached skill level 5 in Polearms
  3885 | D:5      | Reached XP level 7. HP: 59/59 MP: 9/9
  3950 | D:5      | Found Taushre's Self-Improvement Boutique.
  4052 | D:5      | Reached skill level 1 in Shields
  4080 | D:5      | Found a staircase to the Ecumenical Temple.
  4188 | D:5      | Got Vehumet's Lessons on Trauma
  4871 | D:6      | Reached skill level 5 in Shields
  4871 | D:6      | Reached skill level 1 in Dodging
  4871 | D:6      | Reached XP level 8. HP: 55/66 MP: 10/10
  5291 | D:7      | Identified the ring "Saryumul" {rPois rC++ Str-4 Int+6
                  | SInv}
  5421 | D:7      | Reached skill level 5 in Dodging
  5451 | D:7      | Noticed Pikel
  5466 | D:7      | Killed Pikel
  5579 | D:7      | Reached XP level 9. HP: 71/71 MP: 11/11
  5749 | D:7      | Reached skill level 5 in Armour
  6124 | D:8      | Found a staircase to the Lair.
  6463 | D:8      | Paralysed by a hornet for 1 turns
  6856 | D:9      | Noticed Psyche
  6860 | D:9      | Killed Psyche
  7345 | D:9      | Identified the +6 ring mail of Midnight {Int+3}
  7355 | D:9      | Noticed Maggie
  7361 | D:9      | Killed Maggie
  7529 | D:9      | Noticed a two-headed ogre
  7763 | D:2      | Killed Sigmund
  7947 | D:2      | Killed Crazy Yiuf
  8071 | D:9      | Killed a two-headed ogre
  8072 | D:9      | Reached skill level 10 in Polearms
  8072 | D:9      | Reached XP level 10. HP: 78/78 MP: 13/13
  8430 | D:10     | Entered Level 10 of the Dungeon
  8430 | D:10     | Found a staircase to the Orcish Mines.
  8506 | D:10     | Found a flagged portal.
  8514 | Bailey   | Entered a bailey
  8626 | Bailey   | Noticed an orc knight
  8640 | Bailey   | Killed an orc knight
  8760 | Bailey   | Found a large runed translucent door.
  8760 | Bailey   | Found a large runed translucent door.
  8761 | Bailey   | Noticed a deep elf pyromancer
  8781 | Bailey   | Killed a deep elf pyromancer
  8792 | Bailey   | Identified the +9 arbalest "Vaipp" {freeze, rF+ Str+5
                  | Stlth+}
  8995 | D:10     | Noticed a two-headed ogre
  9004 | D:10     | Killed a two-headed ogre
  9206 | D:10     | Noticed a boulder beetle
  9316 | D:10     | Killed a boulder beetle
  9317 | D:10     | Reached XP level 11. HP: 84/84 MP: 14/14
  9502 | D:11     | Found a transporter.
  9525 | D:11     | Found a transporter.
  9528 | D:11     | Noticed a tengu warrior
  9674 | D:11     | Found a gate leading to a gauntlet.
  9683 | Gauntlet | Entered a Gauntlet
  9683 | Gauntlet | Found a transporter.
  9683 | Gauntlet | Found a transporter.
  9688 | Gauntlet | Found a transporter.
  9704 | Gauntlet | Found a transporter.
  9722 | Gauntlet | Found a transporter.
  9737 | Gauntlet | Found a transporter.
  9835 | Gauntlet | Found a transporter.
  9868 | Gauntlet | Found a transporter.
  9876 | Gauntlet | Found a transporter.
  9890 | Gauntlet | Found a transporter.
  9893 | Gauntlet | Noticed a hell hog
  9924 | Gauntlet | Found a transporter.
  9933 | Gauntlet | Found a transporter.
  9933 | Gauntlet | Found a large runed translucent door.
  9934 | Gauntlet | Found a large runed translucent door.
  9936 | Gauntlet | Found a runed translucent gate.
  9942 | Gauntlet | Noticed a necromancer
  9955 | Gauntlet | Found a transporter.
  9964 | Gauntlet | Found a transporter.
 10001 | Gauntlet | Found a transporter.
 10003 | Gauntlet | Found a large runed translucent door.
 10003 | Gauntlet | Found a large runed translucent door.
 10004 | Gauntlet | Found a large runed translucent door.
 10004 | Gauntlet | Found a large runed translucent door.
 10005 | Gauntlet | Found a large runed translucent door.
 10005 | Gauntlet | Found a large runed translucent door.
 10005 | Gauntlet | Found a runed translucent door.
 10005 | Gauntlet | Found a runed translucent door.
 10005 | Gauntlet | Found a large runed translucent door.
 10006 | Gauntlet | Found a large runed translucent door.
 10006 | Gauntlet | Found a large runed translucent door.
 10007 | Gauntlet | Found a large runed translucent door.
 10013 | Gauntlet | Found a large runed translucent door.
 10013 | Gauntlet | Found a large runed translucent door.
 10014 | Gauntlet | Found a large runed translucent door.
 10014 | Gauntlet | Found a large runed translucent door.
 10016 | Gauntlet | Found a runed translucent gate.
 10016 | Gauntlet | Found a runed translucent gate.
 10017 | Gauntlet | Noticed a tengu warrior
 10018 | Gauntlet | Found a transporter.
 10152 | Gauntlet | Identified the +1 pair of gloves of Haejaugh {rElec rF-
                  | Dex+3}
 10217 | Gauntlet | Killed a necromancer
 10295 | Gauntlet | Identified the ring of Haunkuack {rF+ Will+ Str+4}
 10330 | Gauntlet | Killed a hell hog
 10331 | Gauntlet | Reached skill level 5 in Evocations
 10485 | Gauntlet | Identified the staff of air "Fuimmim" {Fly rElec rPois rN+
                  | Stlth-}
 10489 | Gauntlet | Identified the ring of Osatz {rN+ Will+++ MP+9 Int-3 SInv}
 10561 | Gauntlet | Noticed a minotaur
 10574 | Gauntlet | Killed a minotaur
 10588 | Gauntlet | Got the Lessons on Disjunct Ensorcelling
 10880 | D:11     | Noticed a two-headed ogre
 10885 | D:11     | Killed a two-headed ogre
 11095 | D:11     | Noticed a boulder beetle
 11119 | D:11     | Killed a boulder beetle
 11290 | D:11     | Noticed turdburglar's ghost (journeyman OgFE)
 11542 | Lair:1   | Entered Level 1 of the Lair of Beasts
 11587 | Lair:1   | Reached skill level 5 in Fighting
 11914 | Lair:1   | Reached skill level 6 in Fighting
 12489 | Lair:2   | Reached skill level 7 in Fighting
 12504 | Lair:2   | Reached XP level 12. HP: 79/100 MP: 15/15
 12544 | Lair:2   | Found a dark tunnel.
 12583 | Volcano  | Entered a volcano
 12746 | Volcano  | Reached skill level 8 in Fighting
 12858 | Volcano  | Reached skill level 9 in Fighting
 13244 | Lair:2   | Noticed Harold
 13331 | Lair:2   | Reached skill level 10 in Fighting
 13637 | Lair:2   | Noticed Amaemon
 13656 | Lair:2   | Killed Amaemon
 13820 | Lair:2   | Killed Harold
 14059 | Lair:3   | Found a staircase to the Snake Pit.
 14144 | Lair:3   | Found a staircase to the Swamp.
 14423 | D:5      | Bought a manual of Fighting for 960 gold pieces
 15125 | Lair:4   | Reached skill level 11 in Fighting
 15161 | Lair:4   | Found a frozen archway.
 15281 | IceCv    | Entered an ice cave
 15408 | IceCv    | Reached skill level 12 in Fighting
 15538 | IceCv    | Reached XP level 13. HP: 119/119 MP: 16/16
 15571 | IceCv    | Reached skill level 13 in Fighting
 15784 | IceCv    | Reached skill level 14 in Fighting
 16037 | IceCv    | Reached skill level 15 in Fighting
 16057 | IceCv    | Identified the +0 plate armour "Ditt" {rF+++ Dex-5 Slay-3
                  | SInv}
 17100 | Lair:5   | Entered Level 5 of the Lair of Beasts
 17110 | Lair:5   | Noticed Kirke
 17191 | Lair:4   | Killed Kirke
 17844 | Lair:5   | Reached skill level 10 in Armour
 18618 | Lair:5   | Reached XP level 14. HP: 133/135 MP: 17/17
 18630 | Lair:5   | Found a runed translucent gate.
 18630 | Lair:5   | Found a runed translucent gate.
 18631 | Lair:5   | Found a runed translucent gate.
 18632 | Lair:5   | Noticed laqueoix's ghost (journeyman MiFi)
 18632 | Lair:5   | Noticed Zalbag's ghost (journeyman MiFi)
 18632 | Lair:5   | Noticed leafyfresh's ghost (journeyman OgIE)
 18747 | Lair:5   | Found a staircase to the Slime Pits.
 20308 | D:13     | Found Lunluus's Armour Boutique.
 20526 | D:13     | Found Xotwoysaxi's Weapon Shop.
 20533 | D:13     | Found Haoghir's Antique Weapon Shoppe.
 20733 | D:13     | Identified a scroll of acquirement
 20750 | D:13     | Found Nuerghux's Jewellery Shop.
 20754 | D:13     | Bought an amulet of reflection for 510 gold pieces
 20887 | D:13     | Found a gate to the Vaults.
 21459 | D:14     | Noticed Josephine
 21471 | D:14     | Killed Josephine
 22203 | D:14     | Acquired 1017 gold pieces
 22412 | D:5      | Bought a manual of Polearms for 960 gold pieces
 22988 | D:14     | Identified the +3 morningstar of Ycleal {heavy, rElec Str+8
                  | Int-4}
 23163 | D:14     | Got the Tome of Ice
 23248 | D:14     | Reached skill level 15 in Polearms
 23498 | D:15     | Entered Level 15 of the Dungeon
 23870 | D:15     | Reached XP level 15. HP: 130/141 MP: 18/18
 24448 | D:15     | Found a staircase to the Depths.
 25080 | Orc:1    | Entered Level 1 of the Orcish Mines
 25851 | Orc:2    | Entered Level 2 of the Orcish Mines
 27184 | Orc:2    | Found a staircase to the Elven Halls.
 27303 | Orc:2    | Found Okihu's Antique Armour Boutique.
 27304 | Orc:2    | Found Ciush's Antique Weapon Shop.
 27306 | Orc:2    | Found Omorus's General Store.
 27306 | Orc:2    | Found Hixt's Book Boutique.
 27311 | Orc:2    | Bought a pair of glowing gloves for 225 gold pieces
 27333 | Orc:2    | Bought a potion of flight for 42 gold pieces
 27333 | Orc:2    | Bought a scroll of enchant armour for 105 gold pieces
 27333 | Orc:2    | Bought a potion of brilliance for 56 gold pieces
 27637 | Orc:2    | Bought a glowing tower shield for 225 gold pieces
 27773 | Swamp:1  | Entered Level 1 of the Swamp
 28368 | Swamp:1  | Reached skill level 15 in Armour
 29496 | Swamp:2  | Noticed a fenstrider witch
 29505 | Swamp:2  | Killed a fenstrider witch
 30316 | Swamp:2  | Noticed a fenstrider witch
 30328 | Swamp:2  | Killed a fenstrider witch
 30329 | Swamp:2  | Reached XP level 16. HP: 143/149 MP: 19/19
 30809 | Swamp:3  | Noticed Louise
 30843 | Swamp:3  | Killed Louise
 31139 | Swamp:3  | Reached skill level 10 in Dodging
 31587 | Swamp:4  | Entered Level 4 of the Swamp
 32520 | Swamp:4  | Found a large runed translucent door.
 32520 | Swamp:4  | Found a large runed translucent door.
 32581 | Swamp:4  | Found the +5 Lochaber axe {reach-cleave, Poleaxe Drain}
 32586 | Swamp:4  | Noticed safid's ghost (adept MfIE)
 32772 | Swamp:4  | Got the Directory of Wounds
 32991 | Swamp:4  | Got a decaying rune of Zot
 33188 | Snake:1  | Entered Level 1 of the Snake Pit
 33973 | Snake:1  | Found Juyptis's Book Boutique.
 33973 | Snake:1  | Found Porum's General Store.
 33973 | Snake:1  | Found Joen Voa's Antique Armour Emporium.
 34183 | Snake:1  | Found a runed translucent gate.
 34183 | Snake:1  | Found a runed translucent gate.
 34183 | Snake:1  | Found a runed translucent gate.
 34187 | Snake:1  | Noticed Xeiplesch's ghost (journeyman MiFi)
 34202 | Snake:1  | Killed Xeiplesch's ghost
 34406 | Snake:1  | Noticed Agnes
 34427 | Snake:1  | Killed Agnes
 35434 | Snake:2  | Found Umecsari's Weapon Shop.
 35565 | Snake:2  | Found Neonokheo's General Store.
 35565 | Snake:2  | Found Isty's Distillery.
 35610 | Snake:2  | Bought a potion of mutation for 112 gold pieces
 35610 | Snake:2  | Bought a scroll of silence for 133 gold pieces
 35610 | Snake:2  | Bought a scroll of teleportation for 42 gold pieces
 35610 | Snake:2  | Bought a potion of heal wounds for 70 gold pieces
 35610 | Snake:2  | Bought a potion of flight for 42 gold pieces
 35726 | Snake:2  | Found a runed translucent door.
 36169 | Snake:2  | Reached XP level 17. HP: 142/156 MP: 20/20
 36243 | Snake:2  | Acquired a +1 demon trident of freezing
 36508 | Snake:3  | Found Oduixz Lypsu's Antique Weapon Emporium.
 37685 | Snake:4  | Entered Level 4 of the Snake Pit
 38101 | Snake:4  | Noticed Saint Roka
 38160 | Snake:4  | Killed Saint Roka
 39876 | Snake:4  | Got a serpentine rune of Zot
 39890 | Snake:4  | Noticed Mara
 39892 | Snake:4  | Noticed LordWeiramon's illusion
 40275 | Snake:4  | Noticed LordWeiramon's illusion
 40277 | Snake:4  | Killed Mara
 40813 | D:11     | Killed turdburglar's ghost
 41110 | Lair:5   | Killed laqueoix's ghost
 41111 | Lair:5   | Reached skill level 10 in Shields
 41120 | Lair:5   | Killed Zalbag's ghost
 41147 | Lair:5   | Killed leafyfresh's ghost
 41169 | Lair:5   | Got Sorcery of the Prophet
 41173 | Lair:5   | Got the Annotations on Phantasms and the Crevasse
 41404 | Swamp:4  | Killed safid's ghost
 41827 | Vaults:1 | Entered Level 1 of the Vaults
 41827 | Vaults:1 | Found Muxih's Jewellery Shoppe.
 42286 | Vaults:1 | Reached XP level 18. HP: 58/163 MP: 21/21
 43029 | Vaults:1 | Identified the +11 short sword "Jellybane" {vamp, rF+
                  | rCorr}
 43878 | Vaults:2 | Found Kuvaleg's Armour Shop.
 44798 | Vaults:2 | Found a staircase to the Crypt.
 45639 | Vaults:2 | Reached skill level 15 in Shields
 45881 | Vaults:2 | Identified the amulet "Ami Siefi" {Spirit Fragile Int+3
                  | Dex+4}
 46527 | Vaults:3 | Reached XP level 19. HP: 170/170 MP: 22/22
 46739 | Vaults:3 | Got Oraxuin's Omnibus of Green Permutations
 47671 | Vaults:4 | Found Reatzas's Antique Armour Emporium.
 47691 | Vaults:4 | Noticed Xtahua
 47709 | Vaults:4 | Killed Xtahua
 47711 | Vaults:4 | Noticed Jory
 47820 | Vaults:4 | Killed Jory
 48968 | Vaults:4 | Noticed Aizul
 48984 | Vaults:4 | Killed Aizul
 49368 | Vaults:4 | Acquired 1094 gold pieces
 49941 | Elf:1    | Entered Level 1 of the Elven Halls
 50212 | Elf:1    | Found Ditel's Armour Shop.
 50876 | Elf:1    | Reached skill level 15 in Dodging
 51311 | Elf:2    | Found a huge runed translucent gate.
 51311 | Elf:2    | Found a huge runed translucent gate.
 51312 | Elf:2    | Found a huge runed translucent gate.
 51313 | Elf:2    | Found a huge runed translucent gate.
 51313 | Elf:2    | Found a huge runed translucent gate.
 51587 | Elf:2    | Reached XP level 20. HP: 165/179 MP: 24/24
 51985 | Elf:2    | Reached skill level 16 in Fighting
 52273 | Elf:3    | Entered Level 3 of the Elven Halls
 52722 | Elf:3    | Reached skill level 17 in Fighting
 53281 | Elf:3    | Identified the +1 glaive of Ash {antimagic, rPois}
 53504 | Elf:3    | Identified the +10 longbow "Hood" {flame, rN+ rCorr}
 53588 | Elf:3    | Reached skill level 18 in Fighting
 53758 | Elf:3    | Identified the ring "Ihifox" {rC+ MP+9 Int+3 Dex+6}
 53835 | Elf:3    | Got Voufus's Discursus on Spectres and the Welkin
 53914 | Elf:3    | Got the Writings on the Brume
 53923 | Elf:3    | Identified the +0 mace of Growth {freeze, *Noise rF+ Str+2
                  | Int+9}
 53944 | Elf:3    | Identified the +1 dagger of the Unliving {drain, Str+5}
 53963 | Elf:3    | Got the Atlas of the Spatial Salamander
 53970 | Elf:3    | Identified the ring of Yklaemih {*Slow rF- rC+++ EV+5
                  | Int+3}
 53984 | Elf:3    | Identified the +0 chain mail "Jegehay" {Harm rC++}
 54332 | Crypt:1  | Entered Level 1 of the Crypt
 55850 | Crypt:1  | Reached skill level 19 in Fighting
 56309 | Crypt:2  | Identified the +5 war axe of Death {antimagic, *Noise Drain
                  | rN+ Int+8}
 56471 | Crypt:2  | Reached XP level 21. HP: 199/199 MP: 25/25
 56847 | Crypt:2  | Found a runed translucent door.
 57148 | Crypt:2  | Noticed Nyubb's ghost (veteran MiGl)
 57276 | Crypt:2  | Killed Nyubb's ghost
 57277 | Crypt:2  | Reached skill level 20 in Fighting
 57285 | Crypt:2  | Identified the +10 long sword "Ysaaluots" {heavy, *Rage
                  | rElec rC+ Stlth+}
 57338 | Crypt:3  | Entered Level 3 of the Crypt
 57395 | Crypt:3  | Noticed Boris
 57410 | Crypt:3  | Killed Boris
 57741 | Crypt:3  | Found a staircase to the Tomb.
 59324 | Crypt:3  | Identified the +1 chain mail of the Stars {rElec Int+3}
 59357 | Crypt:3  | Identified the ring of Loist {rC++ rN+ Int-5 Slay+2}
 59357 | Crypt:3  | Identified the ring of Neneotz {rN+ Int+6 Dex+3}
 59357 | Crypt:3  | Identified the ring of Geona {rElec rC+ rN+ Int-4 Dex+3}
 59595 | Depths:1 | Entered Level 1 of the Depths
 59931 | Depths:1 | Noticed Boris
 59960 | D:15     | Killed Boris
 60966 | Depths:1 | Found a gateway to Hell.
 61062 | Depths:1 | Identified the +1 scale mail of Untruth {*Slow Int+4
                  | Slay+5}
 61256 | Depths:1 | Found Zisatore's CLEARANCE SALE!.
 61261 | Depths:1 | Bought a scroll of magic mapping for 37 gold pieces
 61552 | Depths:2 | Found a one-way gate leading to the halls of Pandemonium.
 61557 | Depths:2 | Gained mutation: You are frail. (-10% HP) [a neqoxec]
 61620 | Depths:2 | Found a one-way gate to the infinite horrors of the Abyss.
 62253 | Depths:2 | Noticed Boris
 62469 | Depths:2 | Reached XP level 22. HP: 188/188 MP: 26/26
 62493 | Depths:2 | Killed Boris
 63525 | Depths:2 | Identified the +5 falchion "Zazyufak" {freeze, *Slow rN++
                  | Dex+3 SInv}
 63610 | Depths:2 | Noticed a juggernaut
 63621 | Depths:2 | Killed a juggernaut
 63844 | Depths:2 | Found a one-way gateway to a ziggurat.
 65332 | Depths:4 | Entered Level 4 of the Depths
 65460 | Depths:4 | Noticed a juggernaut
 65484 | Depths:4 | Killed a juggernaut
 65515 | Depths:4 | Noticed a juggernaut
 65539 | Depths:4 | Killed a juggernaut
 66581 | Depths:4 | Found a gate to the Realm of Zot.
 67420 | Vaults:5 | Entered Level 5 of the Vaults
 67717 | Vaults:5 | Noticed an ancient lich
 67740 | Vaults:4 | Reached XP level 23. HP: 165/193 MP: 27/27
 67857 | Vaults:5 | Killed an ancient lich
 68243 | Vaults:5 | Got the Grimoire of Reformation and Imprecation
 68245 | Vaults:5 | Identified the +0 ring mail "Iness" {Int+5 Slay-2}
 68322 | Vaults:5 | Identified the +2 longbow of the Twelve Knives {flame,
                  | +Blink}
 68334 | Vaults:5 | Acquired 560 gold pieces
 68337 | Vaults:5 | Identified the +7 dagger "Bixujak" {heavy, rC+}
 68571 | Vaults:5 | Got the Lectures on Percussion
 68920 | Vaults:5 | Reached skill level 21 in Fighting
 69016 | Vaults:5 | Identified the +8 dagger of Radicalism {antimagic, Will+}
 69016 | Vaults:5 | Identified the ring "Saalli Turph" {*Corrode rElec rF+ EV+5
                  | Slay+5}
 69093 | Vaults:5 | Identified the ring of Thoughtfulness {AC+4 Str+3 Stlth+}
 69105 | Vaults:5 | Identified the +8 trident of Wrath {freeze, rC- Str+8
                  | Dex+6}
 69318 | Vaults:5 | Identified the +1 scale mail "Xizaocat" {Str+3}
 69326 | Vaults:5 | Noticed an ancient lich
 69339 | Vaults:5 | Killed an ancient lich
 69531 | Vaults:5 | Identified the +2 quarterstaff of the Original Sin
                  | {antimagic, Dex+2}
 69539 | Vaults:5 | Identified the +3 spear "Demonbane" {freeze, rC+ rCorr MP-9
                  | Str+4}
 69567 | Vaults:5 | Found Oxes's Assorted Antiques.
 69633 | Vaults:5 | Bought a potion of curing for 123 gold pieces
 69633 | Vaults:5 | Identified the staff of earth "Pooshais" {Fly rC- Dex+8
                  | Stlth-}
 69709 | Vaults:5 | Identified the staff of death "Larufad" {Drain rPois rN+
                  | rCorr}
 69772 | Vaults:5 | Reached skill level 22 in Fighting
 69957 | Vaults:5 | Got a silver rune of Zot
 70393 | Vaults:5 | Paralysed by a floating eye for 3 turns
 70748 | Zot:1    | Entered Level 1 of the Realm of Zot
 71403 | Zot:1    | Noticed a shard shrike
 71416 | Zot:1    | Killed a shard shrike
 71754 | Snake:2  | Bought 2 potions of invisibility for 304 gold pieces
 71754 | Snake:2  | Bought a potion of flight for 57 gold pieces
 71754 | Snake:2  | Bought a potion of heal wounds for 95 gold pieces
 71754 | Snake:2  | Bought a potion of curing for 57 gold pieces
 71754 | Snake:2  | Bought 2 potions of curing for 114 gold pieces
 71754 | Snake:2  | Bought a potion of haste for 190 gold pieces
 72250 | Zot:1    | Reached skill level 23 in Fighting
 72637 | Zot:1    | Reached XP level 24. HP: 167/211 MP: 27/27
 73401 | Zot:1    | Reached skill level 24 in Fighting
 74682 | Zot:3    | Acquired the +0 helmet of Lightning Storm {Regen+ Int+2
                  | Dex+3 Stlth+}
 75040 | Zot:3    | Noticed a Killer Klown
 75041 | Zot:3    | Noticed an orb of fire
 75048 | Zot:3    | Gained mutation: Your body sometimes deteriorates upon
                  | taking damage. [an orb of fire]
 75049 | Zot:3    | Gained mutation: You occasionally shout uncontrollably at
                  | your foes. [an orb of fire]
 75052 | Zot:3    | Killed an orb of fire
 75067 | Zot:3    | Killed a Killer Klown
 75068 | Zot:3    | Reached skill level 25 in Fighting
 76597 | Zot:5    | Entered Level 5 of the Realm of Zot
 76600 | Zot:5    | Noticed an orb of fire
 76606 | Zot:5    | Gained mutation: You are very frail. (-20% HP) [an orb of
                  | fire]
 76611 | Zot:5    | Gained mutation: You frequently scream uncontrollably at
                  | your foes. [an orb of fire]
 76615 | Zot:5    | Gained mutation: Your body often deteriorates upon taking
                  | damage. [an orb of fire]
 76618 | Zot:5    | Gained mutation: You are clumsy. (Dex -2) [an orb of fire]
 76626 | Zot:5    | Killed an orb of fire
 76639 | Zot:4    | Lost mutation: You are clumsy. (Dex -2) [potion of
                  | mutation]
 76639 | Zot:4    | Lost mutation: Your body often deteriorates upon taking
                  | damage. [potion of mutation]
 76639 | Zot:4    | Lost mutation: You are very frail. (-20% HP) [potion of
                  | mutation]
 76639 | Zot:4    | Lost mutation: You are frail. (-10% HP) [potion of
                  | mutation]
 76639 | Zot:4    | Gained mutation: You are agile. (Dex +4, Str/Int -1)
                  | [potion of mutation]
 77068 | Zot:5    | Reached skill level 26 in Fighting
 77217 | Zot:5    | Found the +8 Vampire's Tooth {megavamp}
 77218 | Zot:5    | Noticed a dread lich
 77237 | Zot:5    | Killed a dread lich
 77302 | Zot:5    | Noticed an orb of fire
 77328 | Zot:5    | Gained mutation: Your body often deteriorates upon taking
                  | damage. [an orb of fire]
 77329 | Zot:5    | Gained mutation: Your spells are a little easier to cast,
                  | but a little less powerful. [an orb of fire]
 77334 | Zot:5    | Killed an orb of fire
 77354 | Zot:5    | Noticed an ancient lich
 77377 | Zot:5    | Killed an ancient lich
 77378 | Zot:5    | Reached XP level 25. HP: 252/255 MP: 27/27
 77433 | Zot:5    | Noticed an ancient lich
 77445 | Zot:5    | Killed an ancient lich
 77597 | Zot:5    | Noticed an ancient lich
 77614 | Zot:5    | Killed an ancient lich
 77656 | Zot:5    | Noticed an orb of fire
 77677 | Zot:5    | Killed an orb of fire
 77678 | Zot:5    | Reached skill level 27 in Fighting
 77978 | Zot:5    | Noticed an ancient lich
 77994 | Zot:5    | Killed an ancient lich
 77995 | Zot:5    | Noticed a dread lich
 77995 | Zot:5    | Noticed an ancient lich
 77999 | Zot:5    | Noticed an orb of fire
 78004 | Zot:5    | Killed a dread lich
 78018 | Zot:5    | Killed an ancient lich
 78033 | Zot:5    | Gained mutation: You are weak. (Str -2) [an orb of fire]
 78034 | Zot:5    | Killed an orb of fire
 78497 | Zot:5    | Got the Orb of Zot
 78659 | Depths:4 | Noticed Boris
 79029 | D:$      | Escaped with the Orb!

Illustrated notes

Levels and vault maps discovered:
D:1:      heliophobic_arrival_battle_scene, layout_loops_cross
D:2:      layout_loops_ring, kennysheep_donut, uniq_crazy_yiuf_cottage,
          uniq_sigmund
D:3:      layout_rooms
D:4:      layout_loops_corners, old_standard_altar,
          nicolae_gozag_zags_fifth_avenue, serial_undead, serial_undead_c,
          serial_undead_f, serial_undead_f, serial_undead_e
D:5:      layout_basic, grunt_temple_overflow_magic_moments,
          minmay_temple_entry_wispy, portal_sewer_entry_f, grunt_ministairs_2,
          nicolae_shop_self_help
D:6:      layout_rooms, elyvilon_altar_1, nrook_loot_triangle
D:7:      layout_basic, mainiacjoe_overflow_large_starburst, uniq_pikel
D:8:      layout_loops_ring, okawaru_altar_gauntlet_db,
          mainiacjoe_overflow_catwalk
D:9:      layout_cave_pools, old_standard_altar, uniq_maggie, uniq_psyche
D:10:     layout_roguey, nzn_wu_jian_contemplation,
          mainiacjoe_overflow_tiny_flanked, orc_0_dummy, enter_bailey_2,
          nzn_life_drinkers
D:11:     layout_stronghold, gammafunk_ghost_wrathful_warriors,
          gauntlet_entry_generic, fountainhead
D:12:     layout_long_grid, hangedman_glass_teeth, bh_circular_ruins
D:13:     layout_roguey, david_vaults_1, serial_shops, nicolae_shop_statue_plus,
          nicolae_stop_n_shop_2, nicolae_shop_hallway_plus, shop
D:14:     minmay_the_grid_triangle_9x9_recursive_3_mashed
          [minmay_the_grid_triangle_9x9_corrupted_corridor,
          minmay_the_grid_triangle_9x9_pentomino_pain,
          minmay_the_grid_triangle_9x9_checkered,
          minmay_the_grid_triangle_9x9_prize_schism,
          minmay_the_grid_triangle_9x9_descending_squares,
          minmay_the_grid_triangle_9x9_semitri,
          minmay_the_grid_triangle_9x9_shrine,
          minmay_the_grid_triangle_9x9_odd_lines,
          minmay_the_grid_triangle_9x9_thin_v], layout_long_grid, uniq_josephine
D:15:     grunt_enter_depths_hoard, layout_basic, hive_lemuel
Lair:1:   beast_lair_carwin_large_2, layout_chaotic_city,
          chequers_serial_rivers_large_a
Lair:2:   layout_regular_city, nicolae_volcano_entry_hallway, basic_altar,
          grunt_megastairs_5, lemuel_fruit_fields, uniq_amaemon, uniq_harold
Lair:3:   layout_misc_corridors, minmay_swamp_entry_reptiles,
          guppyfry_snake_entry_island, lemuel_fruit_fields, lemuel_fruit_fields
Lair:4:   layout_hall_layers, portal_ice_cave_entry_imps, serial_bayou_crossing,
          infiniplex_staircase_pool, lemuel_fruit_fields
Lair:5:   gammafunk_lair_ancient_temple, layout_cave_pods,
          minmay_slime_entry_pillars, basic_altar, gammafunk_ghost_cemetery,
          uniq_kirke
Swamp:1:  layout_basic_swamp, evilmike_swamp_ruin_house_4
Swamp:2:  layout_basic_swamp, evilmike_swamp_ruin_house_1,
          infiniplex_staircase_pool_2
Swamp:3:  layout_basic_swamp, serial_swamp_ruin, hangedman_swamp_ruin_hall,
          evilmike_swamp_ruin_wall, evilmike_swamp_ruin_house_5, uniq_louise
Swamp:4:  swamp, layout_basic_swamp, ebering_ghost_disaster_area
Snake:1:  layout_layer_cave, ebering_ghost_rock_garden,
          nicolae_snake_flat_spine, nicolae_wooded_promenade,
          nicolae_snake_salamander_zone, uniq_agnes
Snake:2:  cheibrodos_toxic_ritual, layout_rooms, serial_shops, shop,
          minmay_shoptagon
Snake:3:  layout_cave_pods, basic_altar, serial_shops, shop
Snake:4:  snake_pit, layout_cave_town, st_stairs_9, serial_bayou_shore_a,
          grunt_megastairs_2, uniq_mara, uniq_saint_roka
Orc:1:    layout_caves
Orc:2:    st_orc_congregation, layout_diamond_mine, minmay_orc_barracks
Elf:1:    eino_elf_arrival_shootout, layout_gridlike, serial_shops,
          nicolae_shop_temple_entry_statues_fountains,
          kennysheep_underground_church, grunt_megastairs_1
Elf:2:    elven_hall_of_blades_hangedman_alternative
          [nicolae_blade_entry_area_security], layout_geoelf_grid,
          serial_sigils_hangedman_quiver
Elf:3:    minmay_elf_hall_hex, layout_rooms, minivault_27
Vaults:1: nicolae_vaults_twisting_passages, grunt_vaults_swirl,
          ontoclasm_vaults_claustrophobia, nicolae_vaults_little_ls,
          hangedman_vaults_hat, nicolae_vaults_off_center_swirl,
          ontoclasm_vaults_idyll, nicolae_vaults_surprise_closet,
          nicolae_vaults_mini_display_case, nicolae_vaults_specimen_jars,
          hangedman_vaults_snaps, nicolae_vaults_tetromino_T_2,
          ontoclasm_vaults_decontamination, layout_vaults_omnibox, serial_shops,
          nicolae_shop_gaudy_bauble
Vaults:2: hangedman_vaults_stretched_pinwheel, nicolae_vaults_network_quincunx
          [nicolae_vaults_network_quincunx_subvault,
          nicolae_vaults_network_quincunx_subvault,
          nicolae_vaults_network_quincunx_subvault,
          nicolae_vaults_network_quincunx_subvault,
          nicolae_vaults_network_quincunx_subvault],
          nicolae_vaults_storage_room_water, nicolae_vaults_heart-shaped_vault,
          blue_anna_dwarven_crypt, v_misc_4, st_hourglassy,
          nicolae_vaults_wrenched, nicolae_vaults_diamond_1, v_misc_3,
          vaults_room_octagon, nicolae_vaults_six-pack, ontoclasm_vaults_tryst,
          nicolae_vaults_tetromino_T_1, layout_vaults_maze_snakey, serial_shops,
          nicolae_shop_getting_attention, uniq_margery
Vaults:3: hangedman_vaults_stretched_pinwheel, vaults_dpeg_emergency_exit,
          nicolae_vaults_alarming, nicolae_vaults_stairing_the_circle,
          v_pattern_2, nicolae_vaults_closet_pinwheel_3,
          nicolae_vaults_closet_pinwheel_1,
          nicolae_vaults_offset_grid_hallway_1, layout_vaults_omnigrid
Vaults:4: st_spiral_rooms, vaults_standard_mumra_lines,
          hangedman_vaults_restitches, nicolae_vaults_storage_closets_1,
          ontoclasm_vaults_chip, grunt_vaults_diagonal,
          nicolae_vaults_little_squares_3, layout_vaults_big_room, serial_shops,
          nicolae_shop_statue_plus, uniq_xtahua, uniq_jory, uniq_aizul
Vaults:5: serial_shops
Crypt:1:  layout_misc_corridors, amcnicky_mini_rare_corridor_liquid,
          hangedman_weighted_door, minmay_misc_feat_pillars,
          nicolae_crypt_ancient_font, st_stairs_6, glass_columns_a,
          lemuel_statue_altar, roderic_lattice_octagonal_star
Crypt:2:  layout_rooms, ebering_ghost_reflecting_pool
Crypt:3:  lightli_unholy_cathedral, layout_chaotic_city,
          nicolae_tomb_entry_rubble_hallway, uniq_boris
Depths:1: layout_cave_shapes, pf_hell_entry_tar_river, kennysheep_another_room,
          grunt_ministairs_9, nicolae_shop_clearance
Depths:2: vault_1, layout_twisted_cross, enter_ziggurat_a,
          grunt_pan_entry_spiral, kennysheep_decorative_pillar,
          hangedman_abyss_entry_splay, hell_entry
Depths:3: dreamdust_merry_men, layout_basic, amcnicky_mini_pool_small,
          abyss_entry_small_statue_room, grunt_hell_entry_dis_mu,
          rand_demon_pan_entry_8
Depths:4: grunt_zot_entry_pinwheel, layout_cave_pools,
          hangedman_abyss_or_decor_passed, pf_coc_iceberg,
          minmay_misc_feat_room, serial_bayou_shore_b
Zot:1:    lemuel_halls_of_wrath, layout_basic, hangedman_zot_spectrum
Zot:2:    layout_misc_corridors
Zot:3:    layout_basic, zot_minivault_1
Zot:4:    layout_onion
Zot:5:    layout_misc_corridors

Skill      XL: |  1  2  3  4  5  6  7  8  9 10 11 12 13 14 15 16 17 18 19 20 21 22 23 24 25 |
---------------+----------------------------------------------------------------------------+-----
Fighting       | 2 3 4 7 12 15 19 20 23 26 27 | 27.0
Evocations     | 1 5 |  5.0
Polearms       | 2 4 5 6 10 12 14 15 18 21 22 | 22.6
Shields        | 5 11 16 | 16.0
Dodging        | 1 5 9 10 15 19 20 | 20.0
Armour         | 4 5 6 10 14 15 18 19 | 19.0
Short Blades   | |  1.7
Throwing       | |  1.7
Stealth        | |  3.6

Action                     |  1- 3 |  4- 6 |  7- 9 | 10-12 | 13-15 | 16-18 | 19-21 | 22-24 | 25-27 || total
---------------------------+-------+-------+-------+-------+-------+-------+-------+-------+-------++-------
  Melee: Dagger            |    77 |    25 |       |       |       |       |       |       |       ||   102
         Punch             |     1 |     1 |       |       |       |       |       |       |       ||     2
         Trident           |       |   103 |   257 |   795 |  2015 |   813 |       |       |       ||  3983
         Demon trident     |       |       |       |       |       |  1598 |  3107 |  3091 |   345 ||  8141
  Throw: Dart              |    12 |    11 |    22 |    19 |     4 |     5 |       |       |       ||    73
         Boomerang         |       |       |       |     1 |       |       |       |       |       ||     1
  Evoke: Wand              |       |       |    10 |     4 |     4 |     8 |     1 |     4 |       ||    31
         Tin of tremorston |       |       |       |       |       |     2 |     3 |       |       ||     5
         Box of beasts     |       |       |       |       |       |     1 |       |       |       ||     1
    Use: Scroll            |     3 |     3 |     8 |    11 |    11 |    11 |     8 |    19 |     4 ||    78
         Potion            |       |       |     1 |     8 |     1 |    11 |     2 |    21 |     6 ||    50
   Stab: Sleeping          |    12 |    11 |     7 |     9 |       |       |       |       |       ||    39
         Distracted        |       |     1 |     1 |     1 |       |     4 |     1 |     2 |       ||    10
         Invisible         |       |       |       |    11 |       |     2 |       |    12 |    15 ||    40
         Petrified         |       |       |       |       |       |       |       |     4 |       ||     4
         Petrifying        |       |       |       |       |       |       |       |     1 |       ||     1
 Armour: Robe              |    20 |     7 |       |       |       |       |       |       |       ||    27
         Ring mail         |       |    37 |    43 |   177 |       |       |       |       |       ||   257
         Crystal plate arm |       |       |       |    15 |   816 |   700 |   690 |   661 |    46 ||  2928
  Dodge: Dodged            |    40 |    46 |   101 |   260 |   329 |   455 |   705 |   888 |    99 ||  2923
  Block: Buckler           |       |       |    47 |   133 |   599 |   367 |       |       |       ||  1146
         Reflection        |       |       |       |       |    43 |   131 |   112 |    49 |     4 ||   339
         Tower shield      |       |       |       |       |       |   953 |  2560 |  2358 |   240 ||  6111
